Map: Winter's Gate LE

Players

pHARM - Winner!

  • Race: Zerg Zerg
  • League: Platinum
  • Spawn Location: 11:00

Nenyaz

  • Race: Protoss Protoss
  • League: Platinum
  • Spawn Location: 5:00

VOD

Have the link to the VOD?

Description

Time

  • Played on: Aug. 20, 2019, 8:32 p.m.
  • Length: 14:20
Show
View Real Time Build Order
Export as new Build Order

pHARM Zerg - Winner!

Build Orders: Hatch First 

Get SALT Encoding   

  12  0:01  Drone  
  13  0:13  Drone  
  14  0:20  Overlord  
  14  0:38  Drone  
  14  0:39  Drone x2  
  17  1:00  Hatchery  
  16  1:11  Drone x3  
  19  1:25  Spawning Pool  
  18  1:26  Drone  
  19  1:36  Drone  
  20  1:51  Overlord  
  20  1:59  Hatchery  
  19  2:07  Extractor  
  18  2:09  Drone x2  
  20  2:21  Drone  
  20  2:22  Drone  
  22  2:24  Queen x2  
  26  2:32  Zergling x2  
  26  2:36  Drone x2  
  29  2:46  Drone x2  
  31  2:54  Drone  
  32  3:04  Drone  
  32  3:05  Drone  
  34  3:22  Lair  
  34  3:29  Drone x7  
  34  3:32  Extractor  
  34  3:33  Extractor  
  37  3:45  Drone x7  
  39  4:03  Overlord  
  39  4:04  Overlord x2  
  39  4:05  Drone x2  
  39  4:06  Drone  
  42  4:14  Overlord x2  
  42  4:25  Drone  
  42  4:26  Nydus Network  
  42  4:30  Drone x2  
  44  4:31  Roach Warren  
  44  4:35  Drone x4  
  47  5:11  Roach  
  47  5:12  Roach x10  
  69  5:16  Queen  
  69  5:19  Queen  
  73  5:26  Nydus Canal  
  75  5:28  Roach  
  75  5:29  Roach x3  
  75  5:31  Overlord x2  
  71  6:08  Nydus Canal  
  71  6:09  Roach  
  71  6:10  Roach x12  
  97  6:41  Extractor  
  97  6:42  Spire  
  97  6:45  Nydus Canal  
  95  6:57  Infestation Pit  
  92  7:02  Hydralisk Den  
  91  7:09  Roach x3  
  95  7:56  Mutalisk x2  
  88  7:59  Overlord x3  
  80  8:15  Overlord  
  80  8:16  Overlord x3  
  80  8:17  Hatchery  
  79  8:21  Zerg Flyer Weapons Level 1  
  79  8:23  Hive  
  79  8:32  Grooved Spines  
  79  8:43  Drone x6  
  85  9:17  Hatchery  
  85  9:18  Mutalisk x7  
  85  9:20  Drone  
  99  9:47  Nydus Canal  
  99  10:12  Mutalisk  
  99  10:13  Mutalisk x5  
  111  10:18  Extractor, Drone x8  
  111  10:20  Extractor  
  117  10:31  Greater Spire  
  117  10:35  Hatchery  
  116  10:52  Drone x2  
  116  10:53  Drone x6  
  114  11:43  Corruptor x8  
  130  11:51  Drone  
  130  11:52  Drone x3  
  134  12:09  Zerg Flyer Armor Level 1  
  136  12:37  Brood Lord x6  
  136  12:41  Brood Lord  
  148  12:46  Drone  
  148  12:47  Drone x9  
  148  12:51  Overlord x6, Extractor  
  157  12:52  Overlord x2, Extractor  
  156  13:08  Brood Lord  
  158  13:16  Nydus Canal  
  158  13:43  Roach  
  158  13:44  Roach x20  
Show
View Real Time Build Order
Export as new Build Order

Nenyaz Protoss 

Build Orders:  

Get SALT Encoding   

  12  0:01  Probe  
  13  0:09  Probe  
  14  0:20  Probe  
  14  0:23  Pylon  
  15  0:41  Probe  
  16  0:53  Probe  
  16  0:54  Gateway  
  17  0:58  Gateway  
  17  1:02  Assimilator  
  17  1:05  Probe  
  18  1:18  Probe  
  19  1:30  Probe  
  20  1:42  Probe  
  20  1:45  Cybernetics Core  
  21  1:49  Pylon  
  21  1:54  Assimilator  
  21  1:55  Probe  
  22  2:08  Probe  
  23  2:14  Nexus  
  23  2:16  Adept x2  
  27  2:31  Warp Gate  
  27  2:34  Probe  
  28  2:47  Probe  
  29  3:00  Probe  
  30  3:11  Robotics Facility  
  30  3:12  Probe  
  31  3:22  Pylon  
  31  3:26  Probe x2  
  33  3:38  Probe  
  34  3:41  Probe  
  35  3:50  Probe  
  35  3:51  Immortal  
  34  3:56  Probe  
  37  4:06  Gateway  
  37  4:08  Gateway  
  37  4:11  Probe  
  38  4:19  Probe  
  38  4:20  Twilight Council  
  38  4:22  Adept  
  38  4:23  Adept  
  43  4:27  Immortal  
  43  4:29  Probe  
  44  4:31  Probe  
  44  4:33  Assimilator  
  44  4:37  Assimilator  
  49  4:41  Probe  
  50  4:49  Pylon, Probe  
  42  4:52  Charge  
  51  4:53  Stalker  
  51  4:59  Pylon  
  53  5:02  Pylon  
  53  5:10  Forge  
  53  5:12  Forge  
  53  5:18  Adept x2  
  53  5:20  Sentry  
  59  5:21  Sentry  
  59  5:26  Probe  
  61  5:29  Probe  
  61  5:34  Probe  
  63  5:37  Probe  
  63  5:58  Immortal  
  63  5:59  Stalker x2  
  63  6:00  Stalker  
  71  6:07  Probe x2  
  73  6:19  Probe  
  73  6:21  Stalker  
  73  6:24  Stalker  
  78  6:55  Pylon  
  78  6:59  Pylon  
  78  7:03  Pylon  
  78  7:07  Nexus  
  74  7:27  Stalker x4  
  82  7:31  Probe x2  
  82  7:44  Immortal  
  78  7:55  Stalker x4  
  74  8:07  Probe x2  
  76  8:23  Probe x2, Stalker  
  80  8:31  Probe x2  
  80  8:38  Immortal  
  80  8:40  Probe x2  
  86  8:44  Pylon  
  88  8:52  Probe x2  
  88  8:54  Gateway  
  88  8:55  Gateway  
  90  8:56  Gateway  
  90  8:58  Stalker  
  90  8:59  Stalker x3  
  90  9:01  Forge  
  98  9:04  Probe  
  98  9:07  Probe  
  100  9:16  Probe  
  101  9:18  Assimilator  
  101  9:19  Probe  
  101  9:23  Assimilator  
  102  9:24  Blink  
  102  9:27  Pylon  
  102  9:28  Probe  
  102  9:29  Probe  
  104  9:31  Probe  
  104  9:33  Pylon  
  104  9:37  Immortal  
  109  9:40  Probe, Robotics Facility  
  110  9:46  Zealot x4  
  119  10:31  Immortal  
  119  10:32  Warp Prism  
  119  10:34  Zealot  
  119  10:35  Zealot x3  
  132  10:45  Pylon  
  132  10:47  Pylon  
  132  10:54  Templar Archives  
  132  10:55  Nexus  
  132  10:56  Pylon  
  132  11:00  Pylon  
  132  11:02  Assimilator  
  126  11:08  Assimilator  
  116  11:16  Stalker x2  
  116  11:17  Stalker  
  104  11:19  Stalker x3  
  104  11:20  Stalker  
  104  11:25  Pylon  
  112  11:28  Pylon  
  112  11:30  Protoss Ground Weapons Level 1  
  110  11:39  Photon Cannon  
  108  11:43  Photon Cannon  
  108  11:45  Photon Cannon  
  108  11:46  Stalker x4  
  112  11:47  Stalker x2  
  112  11:50  Shield Battery  
  116  11:58  Photon Cannon  
  116  12:06  Photon Cannon, Probe x2  
  118  12:08  Shield Battery  
  118  12:10  Probe  
  118  12:11  Photon Cannon, Probe  
  118  12:14  Photon Cannon  
  120  12:17  Shield Battery  
  120  12:18  Immortal  
  124  12:22  Shield Battery  
  124  12:29  Stalker x4  
  130  12:38  Warp Prism  
  130  12:42  Probe x2  
  134  12:49  Photon Cannon  
  134  12:52  High Templar x3  
  134  12:53  Shield Battery  
  134  12:57  Shield Battery  
  140  13:08  Archon  
  140  13:09  High Templar x3  
  140  13:10  High Templar  
  148  13:13  Archon x2  
  148  13:15  Immortal x2  
  156  13:39  Stalker x2  
  156  13:40  Stalker  
  150  13:46  Stalker x3  
  98  14:06  Stalker x3  
Tags
 
Matchup
PvZ
Replay Pack
10.7.19
Spawn Locations
Cross Positions
Add a new tag
Caveats
  • Supply blocks, unpowered buildings, or Contaminate may cause inaccurate times.
  • Supply counts are checked every 10 seconds.